 Dungeon Crawl Stone Soup version 0.30.0-19-g36f170ea60 (webtiles) character file.

Game seed: 9310062217102006761

1584 tsMfbOW2 the Basher (level 9, 0/75 HPs)
             Began as a Meteoran Cinder Acolyte on May 21, 2023.
             Was a High Priest of Ignis.
             Succumbed to a killer bee's poison
             ... on level 7 of the Dungeon on May 28, 2023.
             The game lasted 00:31:44 (2869 turns).

tsMfbOW2 the Basher (Meteoran Cinder Acolyte)       Turns: 2869, Time: 00:31:45

Health: 0/75       AC: 11    Str: 16    XL:     9   Next: 36%
Magic:  16/16      EV: 10    Int: 20    God:    Ignis [*****.]
Gold:   363        SH:  0    Dex: 10    Spells: 14/16 levels left

rFire   + . .        y - +1 flail (protect)
rCold   . . .        (no shield)
rNeg    . . .        i - +2 scale mail {Will+}
rPois   .            f - +0 helmet
rElec   .            (no cloak)
rCorr   .            (no gloves)
SInv    .            c - +0 pair of boots
Will    ++...        (no amulet) Stlth
                     (no ring)
HPRegen 0.32/turn    (no ring)
MPRegen 0.15/turn

%: no passive effects
@: lethally poisoned (0 -> -5), glowing
A: sense surroundings 2, otherworldly, glowing, explore regen
a: Renounce Religion, Fiery Armour, Foxfire Swarm, Rising Flame


You were on level 7 of the Dungeon.
You worshipped Ignis.
Ignis was extremely pleased with you.
You visited 2 branches of the dungeon, and saw 8 of its levels.
You also visited: Sewer.

You collected 363 gold pieces.

Inventory:

Hand Weapons
 a - a -1 mace of flaming
 n - a +0 morningstar
 v - a +0 flail
 w - a +0 quarterstaff
 y - a +1 flail of protection (weapon)
Missiles
 o - 2 throwing nets (quivered)
Armour
 b - a +0 robe
 c - a +0 pair of boots (worn)
 e - a +0 leather armour
 f - a +0 helmet (worn)
 i - a +2 scale mail of willpower (worn)
Jewellery
 r - an amulet of faith
Scrolls
 h - 2 scrolls of fog {unknown}
 j - 4 scrolls of blinking
 l - a scroll of brand weapon {unknown}
 p - a scroll of immolation {unknown}
 t - a scroll of vulnerability {unknown}
 u - a scroll of identify {unknown}
 x - 2 scrolls of enchant armour {unknown}
 A - 2 scrolls of teleportation {unknown}
 B - a scroll of poison {unknown}
 C - a scroll of fear {unknown}
Potions
 d - 5 potions of heal wounds {unknown}
 g - 2 potions of curing {unknown}
 k - a potion of haste {unknown}
 m - a potion of attraction {unknown}
 q - 2 potions of lignification {unknown}
 s - a potion of brilliance {unknown}
 z - 2 potions of ambrosia {unknown}


   Skills:
 - Level 6.0 Fighting
 + Level 9.4 Maces & Flails
 - Level 5.0 Armour
 + Level 3.2 Dodging
 - Level 4.0 Spellcasting
 - Level 6.0 Fire Magic


You had 14 spell levels left.
You knew the following spells:

 Your Spells              Type           Power      Damage    Failure   Level
a - Scorch                Fire           56%        2d7       5%          2

Your spell library contained the following spells:

 Spells                   Type           Power      Damage    Failure   Level
 Shock                    Conj/Air       16%        1d4       38%         1
 Swiftness                Air            4%         N/A       77%         3
 Tukima's Dance           Hex            4%         N/A       77%         3
 Airstrike                Air            2%         2d(1-17)  99%         4
 Passage of Golubria      Tloc           4%         N/A       99%         4
 Yara's Violent Unravell  Hex/Tmut       2%         3d3       100%        5


Dungeon Overview and Level Annotations

Branches:
Dungeon (7/15) Zot: 1808   Temple (1/1) D:4 Zot: 343   Sewer (visited)

Altars:
Ashenzari
Cheibriados
Gozag
Hepliaklqana
Makhleb
Nemelex Xobeh
Okawaru
Qazlal
Ru
Sif Muna
Trog
Uskayaw
Vehumet
Xom
Yredelemnul
Zin
The Shining One

Shops:
D:5 (

Annotations:
D:7 Joseph


Innate Abilities, Weirdness & Mutations

You passively map the area around you.
You are easily found by Zot.
You glow in the dark.
You regain HP and MP as you explore.


Message History

The killer bee barely misses you. The howler monkey hits you.
* * * LOW HITPOINT WARNING * * *
The howler monkey hits you but does no damage.
The killer bee stings you.
* * * LOW HITPOINT WARNING * * *
The killer bee closely misses you. The killer bee stings you.
* * * LOW HITPOINT WARNING * * *
You are lethally poisoned!
The killer bee poisons you!
The killer bee stings you but does no damage.
The howler monkey hits you but does no damage. x2
A sky beast comes into view.
Joseph says, "It's nothing personal, but I have to kill you."
The killer bee stings you but does no damage. x2
* * * LOW HITPOINT WARNING * * *
You feel very sick. The killer bee barely misses you.
The killer bee closely misses you. The howler monkey hits you.
* * * LOW HITPOINT WARNING * * *
The howler monkey hits you but does no damage.
The killer bee stings you but does no damage.
The killer bee barely misses you.
The howler monkey completely misses you.
The howler monkey hoots and howls with incredible vigour!
* * * LOW HITPOINT WARNING * * *
You feel sick. The killer bee barely misses you. The killer bee misses you.
The killer bee closely misses you.
The killer bee stings you but does no damage.
The howler monkey hits you but does no damage.
The howler monkey hoots and howls with incredible vigour!
* * * LOW HITPOINT WARNING * * *
You feel sick.
The killer bee stings you but does no damage.
The killer bee barely misses you.
An orc wizard comes into view. It is wielding a +0 dagger.
The howler monkey hits you but does no damage. x2
The killer bee stings you but does no damage.
The killer bee barely misses you.
You die...

#...#....#..#.......#.....#
#...#....#..#.......+......
#<..'....'..+...##.........## *
##..##########..###.≈≈≈≈≈≈....#
*#..# ##########..≈≈≈≈≈≈.....
#.....> ........#...≈≈>.≈≈.....
#...... !.....##..≈≈⌠_≈≈.....
##..>.## #.hh##..≈≈≈≈≈≈.....
#....# * ####@##..≈≈≈≈≈≈....#
*..(..# #...yyy5........# * ,
,, +....##Yo##....#.. + ,
#....##..##....+ * , *
##...##...#...## * *,
*##+###...o...# ,, ,
#..##.......#, , , , ,
#..##.......+ ** ,
#..##...##..#


You could see a sky beast, 2 howler monkeys, 3 killer bees, 2 orc wizards and an
ufetubus.

Vanquished Creatures
  Pikel (D:3)
  An ogre (D:5)
  2 lemures (D:3)
  3 bullfrogs
  5 scorpions
  A hound (D:4)
  6 iguanas
  3 orc wizards
  3 gnolls (D:2)
  15 adders
  2 ufetubi (D:4)
  2 worms
  2 dart slugs
  8 orcs
  6 ball pythons
  12 endoplasms
  9 giant cockroaches
  6 goblins
  5 hobgoblins
  13 jackals
  7 quokkas
  4 bats
  13 frilled lizards
  A kobold (D:4)
  4 rats
134 creatures vanquished.

Notes
Turn   | Place    | Note
-------+----------+-------------------------------------------
     0 | D:1      | tsMfbOW2 the Meteoran Cinder Acolyte began the quest for
                  | the Orb.
     0 | D:1      | Reached XP level 1. HP: 19/19 MP: 3/3
   164 | D:1      | Reached XP level 2. HP: 18/26 MP: 5/5
   206 | D:2      | Learned a level 2 spell: Scorch
   206 | D:2      | Upgraded the game from 0.30.0-17-ge0270778cf to
                  | 0.30.0-19-g36f170ea60
   255 | D:2      | Reached XP level 3. HP: 14/31 MP: 6/6
   378 | D:1      | Reached XP level 4. HP: 33/38 MP: 0/7
   808 | D:2      | Reached skill level 5 in Maces & Flails
   815 | D:2      | Reached XP level 5. HP: 42/46 MP: 1/9
   904 | D:4      | Reached skill level 1 in Armour
   937 | D:4      | Found a glowing drain.
   943 | D:4      | Reached skill level 1 in Dodging
   957 | Sewer    | Entered a sewer
  1073 | Sewer    | Reached XP level 6. HP: 38/52 MP: 10/10
  1192 | Sewer    | Reached skill level 6 in Maces & Flails
  1244 | D:4      | Found a staircase to the Ecumenical Temple.
  1270 | Temple   | Entered the Ecumenical Temple
  1608 | D:4      | Reached XP level 7. HP: 59/59 MP: 12/12
  1816 | D:4      | Noticed Pikel
  2140 | D:3      | Killed Pikel
  2141 | D:3      | Reached skill level 5 in Fighting
  2141 | D:3      | Reached skill level 7 in Maces & Flails
  2141 | D:3      | Reached skill level 5 in Fire Magic
  2141 | D:3      | Reached XP level 8. HP: 9/68 MP: 0/15
  2310 | D:5      | Entered Level 5 of the Dungeon
  2335 | D:5      | Found a sacrificial altar of Ru.
  2361 | D:5      | Reached skill level 8 in Maces & Flails
  2439 | D:5      | Found Quucires's Antique Weapon Emporium.
  2532 | D:6      | Gained mutation: You passively map the area around you.
                  | [Meteoran growth]
  2532 | D:6      | Reached XP level 9. HP: 61/74 MP: 11/16
  2600 | D:6      | Reached skill level 5 in Armour
  2684 | D:6      | Reached skill level 9 in Maces & Flails
  2692 | D:6      | Found a burning altar of Makhleb.
  2794 | D:7      | Found a shimmering altar of Xom.
  2863 | D:7      | Noticed Joseph
  2867 | D:7      | HP: 2/75 [poisoned by a killer bee]
  2869 | D:7      | Succumbed to a killer bee's poison

Illustrated notes

Levels and vault maps discovered:
D:1:      erik_arrival_cave_to_civilisation [erik_arrival_cave_to_temple],
          layout_loops_corners, serial_glass, glass_columns_b, glass_columns_a,
          glass_columns_c, glass_columns_b, glass_columns_b, glass_columns_a,
          lexackson_kobold_supper
D:2:      layout_basic
D:3:      layout_basic, minmay_misc_feat_enclosed
D:4:      layout_cave_pools, amcnicky_altar_gilded,
          minmay_temple_entry_statues_fountains, gup_sewer_entry_pipe,
          uniq_pikel
D:5:      layout_loops_ring, old_standard_altar, serial_shops,
          nicolae_stop_n_shop_1, uniq_eustachio
D:6:      kennysheep_steamy, layout_cave_pools,
          mainiacjoe_overflow_surrounded_room, serial_glass, glass_columns_a,
          glass_columns_a, glass_columns_a, glass_columns_a,
          hangedman_decor_push
D:7:      minmay_flawed_box, layout_gridville, tgw_fedhas,
          general_overflow_altar, chequers_big_river, uniq_joseph
Temple:   minmay_temple_curvy_branch

Skill      XL: |  1  2  3  4  5  6  7  8  9 |
---------------+----------------------------+-----
Fire Magic     | 4 5 6 |  6.0
Spellcasting   | 2 3 4 |  4.0
Maces & Flails | 5 6 7 8 9 |  9.4
Armour         | 1 2 3 4 5 |  5.0
Dodging        | 1 2 3 |  3.2
Fighting       | 4 5 6 |  6.0

Action                     |  1- 3 |  4- 6 |  7- 9 || total
---------------------------+-------+-------+-------++-------
  Melee: Mace              |    40 |   213 |   126 ||   379
         Punch             |       |     4 |     3 ||     7
         Flail             |       |       |   117 ||   117
   Cast: Scorch            |     7 |    17 |    23 ||    47
 Armour: Robe              |     8 |       |       ||     8
         Leather armour    |     7 |     9 |       ||    16
         Scale mail        |       |   124 |   182 ||   306
  Dodge: Dodged            |    25 |   122 |   144 ||   291
